 Dungeon Crawl Stone Soup version 0.19-a0-1025-g778f431 (webtiles) character file.

94 4thArraOfDagon the Chopper (level 4, -3/39 HPs)
             Began as a Minotaur Berserker on July 28, 2016.
             Was a Follower of Trog.
             Killed from afar by a gargoyle (17 damage)
             ... with a stone arrow
             ... on level 6 of the Dungeon.
             The game lasted 00:01:47 (385 turns).

4thArraOfDagon the Chopper (Minotaur Berserker)      Turns: 385, Time: 00:01:47

Health: -3/39      AC:  5    Str: 23    XL:     4   Next: 38%
Magic:  3/3        EV: 11    Int:  4    God:    Trog [*.....]
Gold:   19         SH:  3    Dex:  9    Spells: 0 memorised, 3 levels left

rFire  . . .     SeeInvis .     a - +0 hand axe
rCold  . . .     Gourm    .     k - +0 ring mail
rNeg   . . .     Faith    .     (no shield)
rPois  .         Spirit   .     (helmet restricted)
rElec  .         Dismiss  .     (no cloak)
rCorr  .         Reflect  +     (no gloves)
SustAt .         Harm     .     (no boots)
MR     .....                    h - +3 amulet of reflection
Stlth  ..........               (no ring)
                                (no ring)

@: very slightly contaminated, hasted, very quick, not resistant to hostile
enchantments, extremely unstealthy
A: retaliatory headbutt, horns 2
a: Berserk, Burn Spellbooks, Renounce Religion


You were on level 6 of the Dungeon.
You worshipped Trog.
Trog was aware of your devotion.
You were hungry.

You visited 1 branch of the dungeon, and saw 6 of its levels.

You collected 43 gold pieces.
You spent 24 gold pieces at shops.

Inventory:

Hand Weapons
 a - a +0 hand axe (weapon)
Missiles
 j - 7 curare-tipped needles
Armour
 b - a +0 animal skin
 e - a +2 cloak
 k - a +0 ring mail (worn)
Jewellery
 h - a +3 amulet of reflection (around neck)
Scrolls
 f - 2 scrolls of fear {unknown}
 i - a scroll of fog {unknown}
Potions
 d - 2 potions of lignification
Comestibles
 c - 2 bread rations


   Skills:
 - Level 3.6 Fighting
 * Level 5.6 Axes
 + Level 3.7 Armour
 - Level 2.1 Dodging


You had 3 spell levels left.
You didn't know any spells.

Dungeon Overview and Level Annotations

Branches:
Dungeon (6/15)             Temple (0/1) D:4

Altars:
Okawaru

Shops:
D:5 ?


Innate Abilities, Weirdness & Mutations

You reflexively headbutt those who attack you in melee.
You have a pair of horns on your head.


Message History

Unknown command.
You see here a scroll labeled VEUTACS NUINN.
Unknown command.
f - 2 scrolls labeled VEUTACS NUINN (gained 1)
You are feeling hungry.
There is an escape hatch in the ceiling here.
Unknown command.
The quokka closely misses you. You furiously retaliate!
You headbutt the quokka!
You kill the quokka!
Trog accepts your kill.
Unknown command.
Found an escape hatch in the floor.
You see here a glowing cloak.
e - a glowing cloak The worker ant closely misses you.
You furiously retaliate!
You headbutt the worker ant!
The gargoyle hurls a stone arrow at you.
The stone arrow hits you!
You die...

#(# #. #.# #.#####
#.# ....... #.#
....... #.# ..>.. #.#
#... ###### #.#
#..9###....#### #.#
#@.........#####.#
#..a..............
#......†.........#
#...###.......####...
#... #...<...# #...
..... #.##..### ###.
..... #.##..# . .....
..##..# . .####..# .


You could see a gargoyle and a worker ant.

Vanquished Creatures
  A water moccasin skeleton (D:5)
  3 adders
  A shadow imp (D:6)
  A worm (D:3)
  2 giant cockroaches
  A hobgoblin (D:1)
  2 quokkas
  A kobold (D:2)
  3 rats
15 creatures vanquished.

Notes
Turn   | Place    | Note
-------+----------+-------------------------------------------
     0 | D:1      | 4thArraOfDagon the Minotaur Berserker began the quest for the Orb.
     0 | D:1      | Reached XP level 1. HP: 19/19 MP: 0/0
    44 | D:1      | You fall through a shaft!
    48 | D:2      | Found an iron altar of Okawaru.
    60 | D:2      | Reached skill level 4 in Axes
    60 | D:2      | Reached XP level 2. HP: 23/26 MP: 1/1
   173 | D:4      | Found a staircase to the Ecumenical Temple.
   189 | D:5      | Entered Level 5 of the Dungeon
   216 | D:5      | Found Puiwkel's Magic Scroll Boutique.
   236 | D:5      | Bought a scroll of identify for 24 gold pieces
   246 | D:5      | Reached skill level 5 in Axes
   246 | D:5      | Reached XP level 3. HP: 10/31 MP: 2/2
   287 | D:6      | Reached XP level 4. HP: 14/39 MP: 3/3
   293 | D:6      | Noticed a gargoyle
   385 | D:6      | Killed from afar by a gargoyle

Vault maps used:
D:1:      dpeg_arrival_erosion, st_stairs_6, nemelex_diamond_rough_becter
D:2:      okawaru_metal_pillars_3, yredelemnul_altar_generic
D:3:      makhleb_grotto_becter, minmay_stone_trees_medium, glass_columns_b
D:4:      minmay_wonky_spiral, nicolae_gozag_cash_rules_everything_around_me,
          lemuel_coloured_pillars_altar, nicolae_tso_swordbearing_angel
D:5:      serial_shops, shop, first_bread
D:6:      grunt_temple_overflow_diamond, serial_shops, kennysheep_little_box

Skill      XL: |  1  2 |
---------------+-------+-----
Axes           | 4 5 |  5.6
Armour         | 3 |  3.7
Fighting       | |  3.6
Dodging        | |  2.1

Action                   |  1- 3 |  4- 6 || total
-------------------------+-------+-------++-------
Melee: Hand axe          |    26 |     7 ||    33
       Headbutt          |     5 |       ||     5
Invok: Berserk           |     2 |       ||     2
  Use: Scroll            |     1 |       ||     1
       Potion            |       |     2 ||     2
Armor: Animal skin       |     1 |       ||     1
       Ring mail         |     1 |       ||     1
Dodge: Dodged            |    16 |     7 ||    23
Block: Other             |       |     2 ||     2
